Cogmind - Beta 16 @@@ ROGUE MODE // 2025.10.27 @ 00:09:19 Player: satan5 Result: Self-destructed Performance ------------- Evolutions (1) 500 Regions Visited (2) 400 Robots Destroyed (25) 125 Value Destroyed (551) 551 Prototype IDs (2) 40 Alien Tech Used (0) 0 Bonus (0) 0 TOTAL SCORE: 1616 Bonus ------- None Cogmind --------- Core Integrity 352/400 Matter 300/300 Energy 149/250 System Corruption 0% Temperature Cool (70) Movement Core (300) Ox5 Location -9/Materials Parts ------- > --- POWER (1) -------- Ion Engine > --- PROPULSION (4) --- (None) > --- UTILITY (2) ------ Medium Storage Unit > --- WEAPON (2) ------- Medium Laser > --- INVENTORY (10) --- Light Ion Engine Hover Unit Hover Unit Hover Unit Improved Heat Sink Small Storage Unit Small Laser Peak State ------------ > --- POWER ------------ Ion Engine > --- PROPULSION ------- Aluminum Leg Aluminum Leg > --- UTILITY ---------- Medium Storage Unit Improved Terrain Scanner > --- WEAPON ----------- Medium Laser Light Assault Rifle > --- INVENTORY -------- Ion Engine Light Ion Engine Hover Unit Hover Unit Hover Unit Improved Heat Sink Small Storage Unit Small Laser [Rating: 10] Favorites ----------- Power Ion Engine Engine Ion Engine Propulsion Aluminum Leg Leg Aluminum Leg Utility Improved Terrain Scanner Device Improved Terrain Scanner Storage Medium Storage Unit Weapon Medium Laser Energy Gun Medium Laser Ballistic Gun Light Assault Rifle Build | -11 -10 -9 ------- Run | Yrd Mat Mat Slots Evolved 2 | . . 2 Power . | . . . Propulsion 2 | . . 2 Utility . | . . . Weapon . | . . . Parts Attached 12 | 7 4 1 Power 4 | 2 1 1 Engine 4 | 2 1 1 Core . | . . . Reactor . | . . . Propulsion 2 | 2 . . Treads . | . . . Leg 2 | 2 . . Wheel . | . . . Hover . | . . . Flight . | . . . Utility 3 | 1 2 . Device 1 | . 1 . Storage 2 | 1 1 . Processor . | . . . Hackware . | . . . Protection . | . . . Artifact . | . . . Weapon 3 | 2 1 . Energy Gun 2 | 2 . . Energy Cannon . | . . . Ballistic Gun 1 | . 1 . Ballistic Cannon . | . . . Launcher . | . . . Special Weapon . | . . . Impact Weapon . | . . . Slashing Weapon . | . . . Piercing Weapon . | . . . Special Melee Weapon . | . . . Unidentified Prototypes . | . . . Parts Lost 7 | . 2 5 Power 2 | . 1 1 Propulsion 2 | . . 2 Utility 1 | . . 1 Weapon 2 | . 1 1 Highest Loss Streak 5 | . 1 5 To Critical Strikes . | . . . Average Backups 4 | 1 4 7 Power 1 | . 2 1 Propulsion 1 | . . 2 Utility . | . . 2 Weapon . | . . 1 Tool/Special . | . . . Unused Backups 5 | . . 5 Power . | . . . Propulsion 3 | . . 3 Utility 1 | . . 1 Weapon 1 | . . 1 Tool/Special . | . . . Average Slot Usage (%) 93 | . 96 75 Engine 13 | . 13 10 Leg 27 | . 28 21 Device 11 | . 11 11 Storage 13 | . 14 11 Energy Gun 15 | . 16 11 Ballistic Gun 11 | . 11 11 Peak Build Rating 10 | 6 9 10 Average Rating 8 | 4 8 9 On Entrance 5 | . 6 9 Avg Prop Armor Cover (%) . | . . . Naked Turns . | . . . Heaviest Build 19 | 14 19 19 Greatest Support 20 | 20 20 20 Greatest Overweight (x) 4 | 4 . . Average Overweight (x) . | . . . Largest Inventory Capacity 10 | 8 10 10 Average Capacity 9 | 7 8 10 Most Carried 8 | 3 7 8 Average Carried 4 | 1 4 7 Final Capacity 10 | 8 10 10 Final Carried 7 | 3 7 7 Class Distribution -------------------- 100% | Mutant Dominant Class ---------------- Mutant | -10/Materials Mutant | -9/Materials Resources | -11 -10 -9 ----------- Run | Yrd Mat Mat Matter Collected 368 | 146 212 10 Remotely . | . . . Salvage Created 790 | 26 636 128 Parts 45 | 3 32 10 Haulers Intercepted 1 | . 1 . Recyclers Shooed . | . . . Parts Field Recycled . | . . . Retrieved Matter . | . . . Parts Self-Destructed . | . . . Prevented . | . . . Parts Restored . | . . . Kills | -11 -10 -9 ------- Run | Yrd Mat Mat Combat Hostiles Destroyed 14 | . 10 4 Guns 14 | . 10 4 Classes Destroyed 7 | 1 5 1 Worker 3 | . 3 . Tunneler 1 | 1 . . Hauler 1 | . 1 . Operator 3 | . 2 1 Watcher 3 | . 2 1 Swarmer 3 | . . 3 Grunt 11 | . 10 1 Best Kill Streak 4 | 1 3 4 Combat Bots Only 3 | . 2 3 Max Kills in Single Turn 2 | 1 2 1 Gunslinging . | . . . Exploded . | . . . Melee . | . . . Uniques/NPCs Destroyed . | . . . Combat | -11 -10 -9 -------- Run | Yrd Mat Mat Hostile Shots Fired 93 | . 63 30 Missed 22 | . 13 9 Hits 71 | . 50 21 Projectile 71 | . 50 21 Critical Strikes 1 | . . 1 Damage Taken 829 | . 634 195 Core 215 | . 167 48 Absorbed by Shields . | . . . Core Remaining (%) 66 | 100 33 . Volleys Fired 99 | 2 76 21 Largest 2 | 2 2 2 Hottest 90 | 90 90 70 Shots Fired 197 | 4 151 42 Gun 197 | 4 151 42 Cannon . | . . . Launcher . | . . . Special . | . . . Kinetic 82 | . 61 21 Thermal 98 | 2 75 21 Explosive . | . . . Electromagnetic 17 | 2 15 . Robot Hit Streak 14 | 1 14 3 Robot Miss Streak 6 | 2 6 3 Penetration Max . | . . . Secondary Targets 1 | . . 1 Max Gunslinging Chain 1 | . . 1 Shots Hit Robots 119 | 2 97 20 Core Hits 47 | 1 36 10 Critical Kills . | . . . Critical Parts Destroyed . | . . . Critical Strikes 7 | . 7 . Burn 7 | . 7 . Melee Attacks . | . . . Impact . | . . . Slashing . | . . . Piercing . | . . . Sneak Attacks . | . . . Combat Hostiles . | . . . Follow-up Attacks . | . . . Damage Inflicted 1391 | 25 1133 233 Guns 1351 | 25 1093 233 Cannons . | . . . Explosions 40 | . 40 . Melee . | . . . Ramming . | . . . Kinetic 423 | . 350 73 Thermal 826 | 13 653 160 Explosive . | . . . Electromagnetic 142 | 12 130 . Impact . | . . . Slashing . | . . . Piercing . | . . . Highest Corruption . | . . . Average Corruption . | . . . Corruption Purged . | . . . Corruption Blocked . | . . . Overload Shots . | . . . Overflow Damage . | . . . Projectiles . | . . . Explosions . | . . . Melee . | . . . Knockbacks . | . . . Impact . | . . . Kinetic . | . . . Secondary . | . . . Self-Inflicted Damage . | . . . Shots . | . . . Rammed . | . . . Targets Rammed . | . . . Kicked . | . . . Crushed . | . . . Highest Temperature 280 | 30 280 77 Average Temperature 84 | 18 98 28 Received Heat Transfer 399 | . 351 48 Effects 3 | . 3 . Energy Bleed 1 | . 1 . Interference 2 | . 2 . Siege Activations . | . . . Martial Activations . | . . . Shielding Activations . | . . . Robots Disrupted . | . . . Combat Hostiles . | . . . Robots Corrupted . | . . . Combat Hostiles . | . . . Parts Fried . | . . . Impact Corruptions . | . . . Robots Melted . | . . . Combat Hostiles . | . . . Parts Melted 3 | . 3 . Heat Transferred 2899 | 37 2381 481 Parts Sabotaged . | . . . Parts Stolen . | . . . Parts Stripped . | . . . Power Chain Reactions 1 | . 1 . Alert | -11 -10 -9 ------- Run | Yrd Mat Mat Maximum Alert Level . | . . . Low Security (%) 100 | 100 100 100 Level 1 . | . . . Level 2 . | . . . Level 3 . | . . . Level 4 . | . . . Level 5 . | . . . High Security . | . . . Max Security . | . . . Peak Influence 60 | 5 60 57 Initial . | . . . Average 20 | . 24 8 Influence Increases 429 | 5 322 102 Destroy 0b10 Robot/C 280 | . 200 80 Destroy 0b10 Robot/NC 55 | 5 40 10 Destroy Leader 68 | . 56 12 Successful Hack 20 | . 20 . Destroy Structure 6 | . 6 . Influence Decreases 412 | 5 322 85 Time Decay 361 | 5 321 35 Lost Part 51 | . 1 50 Squads Dispatched 3 | . 3 . Investigation . | . . . Extermination . | . . . Reinforcement 3 | . 3 . Assault . | . . . Garrison . | . . . Intercept . | . . . Searches Triggered . | . . . Construction Impeded . | . . . Haulers Reinforced . | . . . Active Scanning Responses . | . . . Cargo Convoy Interrupts . | . . . Stealth | -11 -10 -9 --------- Run | Yrd Mat Mat Distress Signals 2 | . 2 . Communications Jammed . | . . . Distress Signals . | . . . Times Spotted 32 | . 22 10 Peak Tracking Total 8 | . 3 8 Tactical Retreats . | . . . Traps | -11 -10 -9 ------- Run | Yrd Mat Mat Traps Triggered . | . . . Indirectly . | . . . Trap Hack Attempts . | . . . Triggered . | . . . Disarmed . | . . . Reprogrammed . | . . . Reused . | . . . Traps Extracted . | . . . Installed . | . . . Triggered . | . . . Machines | -11 -10 -9 ---------- Run | Yrd Mat Mat Machines Disabled . | . . . Max in Single Turn . | . . . Machines Repaired . | . . . Machines Dismantled . | . . . Machines Sabotaged . | . . . Overloaded Fab Kills . | . . . Hacking | -11 -10 -9 --------- Run | Yrd Mat Mat Machines Accessed 8 | . 7 1 Terminals 5 | . 4 1 Fabricators . | . . . Repair Stations 1 | . 1 . Recycling Units 2 | . 2 . Scanalyzers . | . . . Garrison Access . | . . . Total Hacks 19 | . 17 2 Successful 6 | . 5 1 Failed 13 | . 12 1 Catastrophic 1 | . 1 . Database Lockouts . | . . . Manual 8 | . 8 . Terminals 13 | . 11 2 Fabricators . | . . . Repair Stations 1 | . 1 . Recycling Units 5 | . 5 . Scanalyzers . | . . . Garrison Access . | . . . Terminal Hacks 2 | . 1 1 Prototype ID Bank 1 | . . 1 Branch Access Points 1 | . 1 . Fabricator Hacks . | . . . Repair Station Hacks . | . . . Recycling Unit Hacks 1 | . 1 . Retrieve Components 1 | . 1 . Scanalyzer . | . . . Garrison Access Hacks . | . . . Unauthorized Hacks 3 | . 3 . Terminals 2 | . 2 . Botnet 2 | . 2 . Fabricators . | . . . Repair Stations 1 | . 1 . Mechanics 1 | . 1 . Recycling Units . | . . . Scanalyzers . | . . . Garrison Access . | . . . Data Cores Recovered 1 | . . 1 Used . | . . . Hacking Detections 8 | . 7 1 Full Trace Events 1 | . 1 . Feedback Events . | . . . Feedback Blocked . | . . . Robot Schematics Acquired . | . . . Robots Built . | . . . Authchips . | . . . Time . | . . . Total Robot Build Rating . | . . . Part Schematics Acquired . | . . . Parts Built . | . . . Authchips . | . . . Time . | . . . Total Part Build Rating . | . . . Part Studies Acquired . | . . . Parts Repaired . | . . . Time . | . . . Parts Recycled . | . . . Recycled Matter . | . . . Retrieved Matter . | . . . Retrieved Components . | . . . Parts Scanalyzed . | . . . Part Schematics Acquired . | . . . Parts Damaged . | . . . Bothacking | -11 -10 -9 ------------ Run | Yrd Mat Mat Used RIF Installer . | . . . Robots Hacked . | . . . Non-combat . | . . . Combat . | . . . Robot Hacks Applied . | . . . Relay Couplers Released . | . . . Fabnet Peak Effective % . | . . . Robots Rewired . | . . . Allies Hacked . | . . . Hacks Repelled . | . . . Allies | -11 -10 -9 -------- Run | Yrd Mat Mat Total Allies . | . . . Largest Group . | . . . Highest-Rated Group . | . . . Highest-Rated Ally . | . . . Total Orders . | . . . Ally Attacks . | . . . Total Damage . | . . . Kills . | . . . Allies Corrupted . | . . . Allies Melted . | . . . Intel | -11 -10 -9 ------- Run | Yrd Mat Mat Active Infowar (turns) 800 | . 668 132 Terrain 800 | . 668 132 Robot Analysis Total . | . . . Derelict Logs Recovered . | . . . Drone Launches . | . . . Drone Recoveries . | . . . Exploration | -11 -10 -9 ------------- Run | Yrd Mat Mat Turns Passed 1054 | 69 851 134 Spaces Moved 568 | 39 468 61 Core 14 | 14 . . Treads . | . . . Legs 554 | 25 468 61 Wheels . | . . . Hover . | . . . Flight . | . . . Fastest Speed 50 | 50 120 120 Average Speed 120 | 132 120 120 Slowest Speed 250 | 250 120 120 Overloaded Moves . | . . . Propulsion Burnouts . | . . . Robots Hopped . | . . . Potential Cave-ins . | . . . Cave-ins Triggered . | . . . Exploration Rate (%) 35 | 5 89 12 Regions Visited 2 Branch Regions . Pre-discovered Areas . | . . . Known Exits Taken . | . . . Unknown Exits Taken 2 | 1 1 . Scrap Searched . | . . . Spaces Dug . | . . . Terrain Destroyed 6 | . 6 . Melee . | . . . Projectile . | . . . AOE 6 | . 6 . Terrain Rammed . | . . . Walls Destroyed . | . . . Machines Disabled . | . . . Actions | -11 -10 -9 --------- Run | Yrd Mat Mat Total 751 | 49 618 84 Wait 65 | . 65 . Move 566 | 38 467 61 Hop . | . . . Pick Up 9 | 2 6 1 Fast Attach 6 | 6 . . Attach 4 | . 3 1 Detach . | . . . Swap 2 | 1 1 . Drop . | . . . Fire 99 | 2 76 21 Melee . | . . . Ram . | . . . Kick . | . . . Crush . | . . . Escape Stasis . | . . . Rewire . | . . . Trap . | . . . Miscellaneous . | . . . Route ------- -11/Scrapyard -10/Materials (discovered 3 exits: *Mat / *Min x2) -9/Materials History --------- Turn | Location | Event 19 | -11/Scrapyard | Discovered new exit (range 15) 70 | -11/Scrapyard | Entered Materials 249 | -10/Materials | Discovered new exit (range 6) 317 | -10/Materials | Build established: Mutant 433 | -10/Materials | Discovered new exit (range 13) 531 | -10/Materials | Identified exit to Mines 713 | -10/Materials | Core integrity fell below 50% 883 | -10/Materials | Discovered new exit (range 13) 921 | -10/Materials | Entered another Materials area 921 | -9/Materials | Evolved 2 slots: Propulsion x2 1055 | -9/Materials | Self-destructed Last Messages --------------- Cld. Ion Engine 00973_ G-34 Mercenary destroyed. 00985_ R-06 Scavenger collects Heat Sink. 00989_ R-06 Scavenger collects Sml. Laser. 00992_ Acquired 6 matter. 01026_ W-16 Scout destroyed. 01036_ C-30 ARC bursts open, deploying its payload. 01036_ S-10 Pest unfolds itself. 01038_ S-10 Pest destroyed. 01039_ Ion Engine destroyed. 01041_ S-10 Pest destroyed. 01041_ Switching to secondary target: G-34 Mercenary. 01047_ R-06 Scavenger collects Flight Unit. 01047_ S-10 Pest destroyed. 01048_ Aluminum Leg destroyed. 01053_ Imp. Terrain Scanner destroyed. 01055_ Lgt. Assault Rifle destroyed. 01055_ Aluminum Leg destroyed. Map ----- +----------------------------------------------------+ | ?????????????????????????????????????????????????? | | ?????????????????????????????????????????????????? | | ?????????????????????????????????????????????????? | | ?????????????????????????????????????????????????? | | ?????????????????????????????????????????????????? | | ?????????????????????????????????????????????????? | | ?????????????????????????????????????????????????? | | ?????????????????????????????????????????????????? | | ?????????????????????????????????????????????????? | | ?????????????????????????????????????????????????? | | ?????????????????????????a ?????????????????????? | | ????????????????????????? #????????????????????? | | ????????????????????????? #????????????????????? | | ????????????????? ?????#? #????????????????????? | | ?????????? ??????????????g g#????????????????????? | | ????????????????????????? #????????????????????? | | ????????????????????????# #????????????????????? | | ????????????????????????# g #????????????????????? | | ????????? ??????????????# #????????? ??????????? | | ????????????????????????# b ######## ??????????? | | ?????????????#?#????????# % *%= ??????????? | | ????????????????????????# =% ??????????? | | ?#########??????????????# u%[ T ???????????? | | ? #?????#???#????# % ???????????? | | # """ #?##????#??????# s ????????????? | | # """ ! #############??#@ """" """???#?????????? | | # """ # ^ #??# """" """?????????????? | | # # ^ #??# """" """ ????????? | | # """ # """ " #??# r ????????? | | # """ + """ T #??# ????????? | | # """ # """ " #??# ##########???????????? | | # / # """ #??# #?#??????? ??????????? | | ########## #??# #????????????????????? | | ?# #??# #????????????????????? | | ?# === #??# #????????????????????? | | ?# === #### #?#????????? ????????? | | ?# == ####?????????????????? | | ?######## % #?????????????? | | ????????# #?????????????? | | ?? ?????# #?#???????????? | | ????????# #?????????????? | | ??????#?# %###### ############ #?????????????? | | ????????# #???## #??????????? #?????????????? | | ????????# #??#?# #??#???????? +?????????????? | | ????????# #????# #????????????? #?????????????? | | ????????# #????# #???????????? ?#?????????????? | | ???????? #????# #???# ??????? ???????????????? | | ???????? #????# ##???????????????????????????? | | ???????" ?????# #????#???????????????????????? | | ???????"" ?????# #???????????? ???????????????? | +----------------------------------------------------+ Best States ------------- Heat Dissipation 28 Energy Generation 10 Energy Capacity 250 Matter Stores 300 Matter Capacity 300 Sight Range 16 Terrain Scan Range 16 Terrain Scan Density 10 Evasion (%) 55 Item Schematics ----------------- None Robot Schematics ------------------ None Fabricated ------------ Nothing Repaired ---------- Nothing Studied --------- None Alien Tech Used ----------------- None Achievements -------------- None Challenges ------------ None Game ------ Seed WeaponsWeaponsCycler Manual? 0 Play Time 00:09:02 Cumulative 345.2 hours Start 2025.10.27 @ 00:01:31 End 2025.10.27 @ 00:09:19 Sessions 1 Manual Loads 0 Difficulty Rogue Special Mode None Game No. 169 Rogue 155 Adventurer 14 Explorer 0 Win Type - Total 18 Types 15/0/1/1/0/0/0/0/1/0 Lore% 65 Gallery% 72 Achievement% 42 Wizard Run 0 Options --------- Layout 1 ASCII 0 Keyboard 0 Movement Arrows Keybinds 0 Fullscreen 1 Font 32/SmallcapsGlow Map View 50x40 Zoom Use 0% Tactical HUD 1 Map Filters NONE Filters NONE Steam 1 RUN: 0e60373b-5067-4821-aca1-9398e39d8553